Unix NetHack Version 5.0.0-0 post-release - last build May 17 2026 04:57:42 (dc50c8380fa5e20985bfe3072449f57b8d9895ef,branch:main).

Game began 2026-05-21 16:53:49, ended 2026-05-21 16:59:38.

DaveT, lawful male human Priest

                                                  ---------
                                                  |.......|
                                                  |.......|
                                                  |.......|
                                                  |.......|
                                                  +..<....|
                                                  -.-------
                                                ####
                                             ####
                                           #@:###
                                             o  .
                                             .. ..
                                            ......
                                            .......
                                           .........
                                          -----------

DaveT the Acolyte            St:10 Dx:14 Co:10 In:12 Wi:16 Ch:13  Lawful
Dlvl:4  $:32 HP:0(30) Pw:8(25) AC:4  Xp:3 T:1071 

Latest messages:
 You finish your prayer.
 You feel that Mitra is well-pleased.
 You feel much better.
 You hit the werejackal!
 The werejackal hits!
 The giant bat misses!
 You miss the giant bat.
 The giant bat bites!
 The giant bat bites!
 You miss the giant bat.
 The giant bat misses!
 The giant bat misses!
 You miss the giant bat.
 The giant bat bites!
 What do you want to drink? [dt or ?*] ?
 You feel better.
 The giant bat misses!
 The giant bat misses!
 You miss the giant bat.
 The giant bat bites!
 The giant bat bites!
 You kill the giant bat!
 You see here a giant bat corpse.
 You descend the stairs.
 The hobgoblin opens a door.
 The hobgoblin swings his curved sword.
 The hobgoblin hits!
 In what direction? .
 You feel better.
 The hobgoblin swings his curved sword.
 The hobgoblin hits!
 You miss the hobgoblin.
 The hobgoblin swings his curved sword.
 The hobgoblin hits!
 You miss the hobgoblin.
 The hobgoblin swings his curved sword.
 The hobgoblin just misses!
 You hit the hobgoblin!
 The hobgoblin swings his curved sword.
 The hobgoblin hits!
 In what direction? .
 You feel better.
 The hobgoblin swings his curved sword.
 The hobgoblin hits!
 You miss the hobgoblin.
 The hobgoblin swings his curved sword.
 The hobgoblin hits!
 You die...
 Do you want your possessions identified? [ynq] (y) y
 Do you want to see your attributes? [ynq] (y) q

Inventory:
 Coins    ('$')
  $ - 32 gold pieces
 Weapons  (')')
  a - a blessed +1 mace (weapon in right hand)
 Armor    ('[')
  c - a +0 small shield (being worn)
  b - a +0 robe (being worn)
  o - a +0 Hawaiian shirt with a giant eel motif (being worn)
  p - a +0 studded leather armor (being worn)
 Comestibles  ('%')
  e - a clove of garlic
  u - 2 cream pies
  k - a food ration
  f - a sprig of wolfsbane
 Scrolls  ('?')
  r - a cursed scroll of enchant armor
  l - a blessed scroll of teleportation
 Spellbooks  ('+')
  h - a spellbook of clairvoyance
  g - a spellbook of healing
 Potions  ('!')
  d - 4 potions of holy water
 Tools    ('(')
  v - a stethoscope

DaveT the Priest's attributes:

Background:
 You were an Acolyte, a level 3 human Priest.
 You were lawful, on a mission for Mitra
 who was opposed by Crom (neutral) and Set (chaotic).
 You were right-handed.
 You were in the Dungeons of Doom, on level 4.
 You entered the dungeon 1071 turns ago.
 You had 77 experience points, 3 more were needed to attain level 4.

Basics:
 You had 0 out of 30 hit points.
 You had 8 out of 25 energy points (spell power).
 Your armor class was 4.
 Your wallet contained 32 zorkmids.
 Autopickup was off.

Final Characteristics:
 Your strength was 10 (limit:18/100).
 Your dexterity was 14 (limit:18).
 Your constitution was 10 (limit:18).
 Your intelligence was 12 (limit:18).
 Your wisdom was 16 (limit:18).
 Your charisma was 13 (limit:18).

Final Status:
 You weren't hungry.
 You were unencumbered.
 You were wielding a mace.
 You had basic skill with mace.

Final Attributes:
 You were devoutly aligned.
 You were guarded.
 Your spell casting was enhanced by wearing a robe.
 You are dead.

Miscellaneous:
 You didn't encounter any bones levels.
 Total elapsed playing time was 5 minutes and 48 seconds.

Major events:
 Turn
    1: DaveT the lawful human Priest entered the dungeon
  717: attained the rank of Acolyte (level 3)
 1071: killed by a hobgoblin

Spells:
 Name                 Level Category     Fail Retention
 healing                1   healing        0%  76%-100%
 clairvoyance           3   divination    92%  76%-100%
 light                  1   clerical       0%  91%-100%

Skills:
 Fighting Skills
   bare handed combat [Unskilled]
 Weapon Skills
   club               [Unskilled]
   mace               [Basic]
   morning star       [Unskilled]
   flail              [Unskilled]
   hammer             [Unskilled]
   quarterstaff       [Unskilled]
   polearms           [Unskilled]
   spear              [Unskilled]
   trident            [Unskilled]
   lance              [Unskilled]
   bow                [Unskilled]
   sling              [Unskilled]
   crossbow           [Unskilled]
   dart               [Unskilled]
   shuriken           [Unskilled]
   boomerang          [Unskilled]
   unicorn horn       [Unskilled]
 Spellcasting Skills
   healing spells     [Unskilled]
   divination spells  [Unskilled]
   clerical spells    [Basic]

Voluntary challenges:
 Character rerolling was not enabled.
 You never genocided any monsters.
 You never polymorphed an object.
 You never changed form.
 You used no wishes.
Achievements:
 You entered a shop.
 You attained the rank of Acolyte.

 The Dungeons of Doom: levels 1 to 4
    Level 1:
    Level 2:
       A potion shop, some fountains.
    Level 3:
       An armor shop.
    Level 4: <- You were here.
       Final resting place for
          you, killed by a hobgoblin.


Vanquished creatures:
  a small mimic
  a giant bat
  a large kobold
  2 giant rats
  a yellow mold
  4 garter snakes
  2 geckos
  4 jackals
  a fox
  4 grid bugs
  4 newts
25 creatures vanquished.

No species were genocided or became extinct.

Game over:
                       ----------
                      /          \
                     /    REST    \
                    /      IN      \
                   /     PEACE      \
                  /                  \
                  |      DaveT       |
                  |      32 Au       |
                  |   killed by a    |
                  |    hobgoblin     |
                  |                  |
                  |                  |
                  |       2026       |
                 *|     *  *  *      | *
        _________)/\\_//(\/(/\)/\//\/|_)_______

Goodbye DaveT the Priest...

You died in The Dungeons of Doom on dungeon level 4 with 547 points,
and 32 pieces of gold, after 1071 moves.
You were level 3 with a maximum of 30 hit points when you died.

